 Dungeon Crawl Stone Soup version 0.19.0-18-g426998a (webtiles) character file.

53 dysrexia the Scratcher (level 3, -1/17 HPs)
             Began as a Felid Chaos Knight on Nov 11, 2016.
             Slain by a leopard gecko (4 damage)
             ... on level 2 of the Dungeon.
             The game lasted 00:05:25 (1791 turns).

dysrexia the Scratcher (Felid Chaos Knight)         Turns: 1791, Time: 00:05:26

Health: -1/17      AC:  1    Str:  8    XL:     3   Next: 62%
Magic:  4/4        EV: 17    Int: 13    God:    Xom [.*....]
Gold:   86         SH:  0    Dex: 16    Spells: 0 memorised, 2 levels left
                                        Lives:  0   Deaths: 0

rFire  . . .     SeeInvis +       - Unarmed
rCold  . . .     Gourm    .     (armour unavailable)
rNeg   . . .     Faith    .     (shield unavailable)
rPois  .         Spirit   .     (helmet unavailable)
rElec  .         Reflect  .     (cloak unavailable)
rCorr  .         Harm     .     (gloves unavailable)
MR     .....                    (boots unavailable)
Stlth  ++........               (no amulet)
                                (no ring)
                                (no ring)

@: drained, quick
A: no armour, no weapons or thrown items, stealth, claws 1, fangs 3, see
invisible, carnivore 3, speed 1, shaggy fur 1, slow metabolism 1, sharp paws
a: Renounce Religion


You were on level 2 of the Dungeon.
You worshipped Xom.
You were a plaything of Xom.
You were completely stuffed.

You visited 1 branch of the dungeon, and saw 2 of its levels.

You collected 86 gold pieces.

Inventory:

Jewellery
 f - a cursed amulet of inaccuracy {unknown}
 h - an uncursed amulet of regeneration {unknown}
Scrolls
 b - 2 scrolls of fog {unknown}
 d - 3 scrolls of remove curse {unknown}
 e - a scroll of noise {unknown}
Potions
 g - a potion of curing {unknown}
 j - a potion of heal wounds {unknown}
Comestibles
 a - a meat ration
 c - a beef jerky
 i - 5 chunks of flesh


   Skills:
 - Level 3.0(1.9) Fighting
 + Level 3.4(2.3) Dodging
 + Level 3.2(2.0) Stealth
 * Level 3.8(2.7) Unarmed Combat


You had 2 spell levels left.
You didn't know any spells.

Dungeon Overview and Level Annotations

Branches:
Dungeon (2/15)

Altars:

Annotations:
D:2 Robin


Innate Abilities, Weirdness & Mutations

You cannot wear armour.
You are incapable of wielding weapons or throwing items.
Your paws allow you to move quietly. (Stealth)
You have sharp claws.
You have razor-sharp teeth.
You have supernaturally acute eyesight. (SInv)
You are carnivorous and can eat meat at any time.
You cover ground quickly.
You are covered in fur. (AC +1)
You have a slow metabolism.
Your sharp claws are effective at attacking unaware monsters.


Message History

The leopard gecko barely misses you.
You scratch the leopard gecko.
The leopard gecko is almost dead.
The leopard gecko barely misses you.
You barely miss the leopard gecko.
The leopard gecko is almost dead.
The leopard gecko closely misses you.
You barely miss the leopard gecko.
The leopard gecko is almost dead.
The leopard gecko barely misses you. The leopard gecko closely misses you.
You barely miss the leopard gecko.
The leopard gecko is heavily wounded.
The leopard gecko bites you.
* * * LOW HITPOINT WARNING * * *
A shower of butterflies erupts from you!
You completely miss the leopard gecko.
The leopard gecko is heavily wounded.
The leopard gecko bites you.
You die... "Boring in life, boring in death..."

######## #......#
#..#...# ###########
##.#_#..# #.........#
#...#...####.........###
#.......................
#......l####[........###
#...b>.@................
####.................#..
#.....b...........#..
#.................#..
####.####.........#..
#..# ########..... ♣♣.♣
####.. ♣..♣ ###### #..
♣♣.♣♣...... #..


You could see a leopard gecko.

Vanquished Creatures
  A worm (D:2)
  4 dart slugs
  4 giant cockroaches
  6 goblins
  8 hobgoblins
  5 kobolds
  A quokka (D:2)
  5 bats
  A frilled lizard (D:1)
  4 rats (D:1)
39 creatures vanquished.

Notes
Turn   | Place    | Note
-------+----------+-------------------------------------------
     0 | D:1      | dysrexia the Felid Chaos Knight began the quest for the Orb.
     0 | D:1      | Reached XP level 1. HP: 10/10 MP: 2/2
    49 | D:1      | Reached skill level 1 in Stealth
   105 | D:1      | Reached XP level 2. HP: 12/14 MP: 3/3
   213 | D:1      | XOM: silly message
   614 | D:1      | XOM: harmless Erth miscast
   749 | D:1      | XOM: 8-stop teleportation journey
   950 | D:1      | XOM: harmless Ice miscast
   953 | D:1      | Reached XP level 3. HP: 15/17 MP: 4/4
  1053 | D:2      | Noticed Robin
  1057 | D:2      | XOM: blink monster(s)
  1293 | D:2      | XOM: polymorph goblin -> gnoll
  1294 | D:2      | XOM: confusion
  1297 | D:2      | XOM: harmless Air miscast
  1325 | D:2      | XOM: polymorph goblin -> dart slug
  1471 | D:1      | XOM: summons 2 hostile shadow creatures
  1559 | D:1      | XOM: mild Tmut miscast
  1731 | D:2      | Found a faded altar of an unknown god.
  1736 | D:2      | XOM: draining
  1790 | D:2      | XOM: butterfly on damage
  1791 | D:2      | Slain by a leopard gecko

Skill      XL: |  1  2  3 |
---------------+----------+-----
Stealth        | 1 2 3 |  3.2
Fighting       | |  3.0
Dodging        | |  3.4
Unarmed Combat | |  3.8

Action                   || total
-------------------------++-------
Melee: Unarmed           ||   124
       Bite              ||     4
       Punch             ||     2
 Stab: Sleeping          ||     7
  Eat: Chunk             ||     9
Armor: Skin              ||     6
Dodge: Dodged            ||    91
